 Dungeon Crawl Stone Soup version 0.28.0 (webtiles) character file.

Game seed: 13705481683856792535

488 zeram the Sneak (level 7, -3/42 (50) HPs)
             Began as a Gnoll Enchanter on Feb 17, 2022.
             Slain by a killer bee zombie (4 damage)
             ... on level 5 of the Dungeon.
             The game lasted 00:05:28 (3280 turns).

zeram the Sneak (Gnoll Enchanter)                   Turns: 3280, Time: 00:05:29

HP:   -3/42 (50)    AC:  5    Str:  8    XL:     7   Next: 13%
MP:   15/15         EV: 13    Int: 16    God:
Gold: 205           SH:  0    Dex: 12    Spells: 12/17 levels left

rFire   . . .      SeeInvis .   f - +2 dagger (venom)
rCold   . . .      Faith    .   (no shield)
rNeg    . . .      Spirit   .   i - +0 steam dragon scales
rPois   .          Reflect  .   (no helmet)
rElec   .          Harm     .   (no cloak)
rCorr   .          Rampage  .   (no gloves)
Will    .....                   (no boots)
Stlth   +++.......              (no amulet)
HPRegen 0.14/turn               (no ring)
MPRegen 0.14/turn               (no ring)

@: heavily drained
A: fangs 1, strong nose, distributed training
a: no special abilities


You were on level 5 of the Dungeon.
You visited 1 branch of the dungeon, and saw 5 of its levels.

You collected 205 gold pieces.

Inventory:

Hand Weapons
 a - a +1 dagger
 f - a +2 dagger of venom (weapon)
Missiles
 h - 10 poisoned darts (quivered)
Armour
 b - a +1 robe
 e - an orb of mayhem
 i - +0 steam dragon scales (worn)
Jewellery
 c - a ring of magical power
Wands
 g - a wand of iceblast (12)
Scrolls
 j - a scroll of identify


   Skills:
 + Level 2.3 Fighting
 + Level 3.5 Short Blades
 + Level 2.3 Long Blades
 + Level 2.3 Axes
 + Level 2.3 Maces & Flails
 + Level 2.3 Polearms
 + Level 2.3 Staves
 + Level 2.3 Slings
 + Level 2.3 Bows
 + Level 2.3 Crossbows
 + Level 2.3 Throwing
 + Level 2.3 Armour
 + Level 5.1 Dodging
 + Level 6.4 Stealth
 + Level 2.3 Shields
 + Level 2.3 Unarmed Combat
 + Level 5.5 Spellcasting
 + Level 1.8 Conjurations
 + Level 5.8 Hexes
 + Level 1.8 Summonings
 + Level 1.8 Necromancy
 + Level 1.8 Translocations
 + Level 1.8 Transmutations
 + Level 1.8 Fire Magic
 + Level 1.8 Ice Magic
 + Level 1.8 Air Magic
 + Level 1.8 Earth Magic
 + Level 1.8 Poison Magic
 + Level 2.5 Invocations
 + Level 2.3 Evocations


You had 12 spell levels left.
You knew the following spells:

 Your Spells              Type           Power      Damage    Failure   Level
a - Ensorcelled Hibernat  Hex/Ice        32%        N/A       4%          2
b - Tukima's Dance        Hex            22%        N/A       4%          3

Your spell library contained the following spells:

 Spells                   Type           Power      Damage    Failure   Level
 Confusing Touch          Hex            22%        N/A       4%          3
 Dazzling Flash           Conj/Hex       32%        N/A       9%          3


Dungeon Overview and Level Annotations

Branches:
Dungeon (6/15)
 Temple: D:4-7

Altars:
Ashenzari


Innate Abilities, Weirdness & Mutations

You have very sharp teeth.
Your uncanny sense of smell can sniff out nearby items.
Your experience applies equally to all skills.


Message History

The necrophage barely misses you.
You closely miss the necrophage.
The necrophage is heavily damaged.
The necrophage hits you.
* * * LOW HITPOINT WARNING * * *
You feel drained.
* * * LOW HITPOINT WARNING * * *
Unknown command.
You barely miss the necrophage.
The necrophage is heavily damaged.
The necrophage misses you.
You hit the necrophage but do no damage.
You punch the necrophage, but do no damage.
The necrophage is heavily damaged.
The necrophage hits you.
* * * LOW HITPOINT WARNING * * *
You feel drained.
The necrophage hits you but does no damage.
The killer bee zombie hits you.
* * * LOW HITPOINT WARNING * * *
The killer bee zombie completely misses you.
The killer bee zombie barely misses you.
There is a stone staircase leading down here.
Unknown command.
You hit the killer bee zombie.
The killer bee zombie is lightly damaged.
The killer bee zombie misses you.
You hit the killer bee zombie but do no damage.
The killer bee zombie is lightly damaged.
The killer bee zombie closely misses you.
The necrophage barely misses you. The killer bee zombie misses you.
You hit the necrophage.
The necrophage is heavily damaged.
The killer bee zombie closely misses you.
The necrophage closely misses you.
You barely miss the necrophage.
The necrophage is heavily damaged.
The killer bee zombie hits you but does no damage.
The necrophage barely misses you. The killer bee zombie hits you.
You die...

.... ..# #####..#
$..#
######..##..####...#
...................#
.........).........#
.......)....<......#
......)............#
...(......nZ.......#
.....$.....@.......#
.......)....$......#
####################


You could see a necrophage and a killer bee zombie.

Vanquished Creatures
  A steam dragon (D:3)
  A water moccasin (D:6)
  2 gnoll shamans
  An iguana (D:6)
  3 adders
  9 gnolls
  A shadow imp (D:6)
  An ufetubus (D:6)
  A worm (D:2)
  2 orcs
  2 bats
  An endoplasm (D:1)
  A giant cockroach (D:1)
  5 goblins (D:1)
  3 hobgoblins
  3 jackals (D:2)
  A quokka (D:3)
  5 ball pythons
  4 frilled lizards
  6 kobolds
  5 rats
58 creatures vanquished.

Notes
Turn   | Place    | Note
-------+----------+-------------------------------------------
     0 | D:1      | zeram the Gnoll Enchanter began the quest for the Orb.
     0 | D:1      | Reached XP level 1. HP: 13/13 MP: 6/6
   331 | D:1      | Reached XP level 2. HP: 19/19 MP: 7/7
   334 | D:1      | Learned a level 2 spell: Ensorcelled Hibernation
   909 | D:2      | Reached XP level 3. HP: 14/25 MP: 6/9
   912 | D:2      | Reached skill level 5 in Spellcasting
  1222 | D:2      | Reached skill level 6 in Stealth
  1276 | D:2      | Identified the +1 falchion of Immorality {vorpal, Will+}
  1299 | D:2      | Reached skill level 1 in Invocations
  1642 | D:2      | Reached skill level 1 in Fighting
  1642 | D:2      | Reached skill level 1 in Long Blades
  1642 | D:2      | Reached skill level 1 in Axes
  1642 | D:2      | Reached skill level 1 in Maces & Flails
  1642 | D:2      | Reached skill level 1 in Polearms
  1642 | D:2      | Reached skill level 1 in Staves
  1642 | D:2      | Reached skill level 1 in Slings
  1642 | D:2      | Reached skill level 1 in Bows
  1642 | D:2      | Reached skill level 1 in Crossbows
  1642 | D:2      | Reached skill level 1 in Throwing
  1642 | D:2      | Reached skill level 1 in Armour
  1642 | D:2      | Reached skill level 1 in Shields
  1642 | D:2      | Reached skill level 1 in Unarmed Combat
  1642 | D:2      | Reached skill level 1 in Evocations
  1877 | D:2      | Found a faded altar of an unknown god.
  2001 | D:3      | Learned a level 3 spell: Tukima's Dance
  2034 | D:3      | Reached XP level 4. HP: 32/32 MP: 11/11
  2217 | D:3      | Noticed a steam dragon
  2223 | D:3      | Killed a steam dragon
  2224 | D:3      | Reached skill level 1 in Conjurations
  2224 | D:3      | Reached skill level 1 in Summonings
  2224 | D:3      | Reached skill level 1 in Necromancy
  2224 | D:3      | Reached skill level 1 in Translocations
  2224 | D:3      | Reached skill level 1 in Transmutations
  2224 | D:3      | Reached skill level 1 in Fire Magic
  2224 | D:3      | Reached skill level 1 in Ice Magic
  2224 | D:3      | Reached skill level 1 in Air Magic
  2224 | D:3      | Reached skill level 1 in Earth Magic
  2224 | D:3      | Reached skill level 1 in Poison Magic
  2224 | D:3      | Reached XP level 5. HP: 32/37 MP: 9/12
  2306 | D:3      | Reached XP level 6. HP: 31/44 MP: 4/13
  2307 | D:3      | You fall into a shaft and drop 3 floors!
  2422 | D:6      | Reached skill level 5 in Dodging
  2951 | D:6      | Found a broken altar of Ashenzari.
  2964 | D:6      | Noticed a water moccasin
  2978 | D:6      | Killed a water moccasin
  3234 | D:5      | Entered Level 5 of the Dungeon
  3234 | D:5      | Noticed a necrophage
  3239 | D:5      | Reached XP level 7. HP: 50/50 MP: 15/15
  3275 | D:5      | HP: 1/42 [killer bee zombie (4)]
  3280 | D:5      | Slain by a killer bee zombie

Illustrated notes

Levels and vault maps discovered:
D:1:      sevenhm_arrival_forest_fort_small_6, layout_rooms
D:2:      layout_loops_ring, shapermc_ecumenical_altar_mp_ritualfount
D:3:      layout_basic, chequers_garden
D:5:      minmay_inner_zag, layout_gridville, cheibrodos_worm_habitat,
          minmay_temple_entry_crystal_x, chequers_arboretum, uniq_grinder
D:6:      layout_gridville, mainiacjoe_overflow_concentric_impassable,
          minivault_11, hex_tiny, uniq_maggie

Skill      XL: |  1  2  3  4  5  6 |
---------------+-------------------+-----
Spellcasting   | 5 |  5.5
Stealth        | 6 |  6.4
Invocations    | 1 2 |  2.5
Fighting       | 1 2 |  2.3
Long Blades    | 1 2 |  2.3
Axes           | 1 2 |  2.3
Maces & Flails | 1 2 |  2.3
Polearms       | 1 2 |  2.3
Staves         | 1 2 |  2.3
Slings         | 1 2 |  2.3
Bows           | 1 2 |  2.3
Crossbows      | 1 2 |  2.3
Throwing       | 1 2 |  2.3
Armour         | 1 2 |  2.3
Shields        | 1 2 |  2.3
Unarmed Combat | 1 2 |  2.3
Evocations     | 1 2 |  2.3
Short Blades   | 3 |  3.5
Conjurations   | 1 |  1.8
Summonings     | 1 |  1.8
Necromancy     | 1 |  1.8
Translocations | 1 |  1.8
Transmutations | 1 |  1.8
Fire Magic     | 1 |  1.8
Ice Magic      | 1 |  1.8
Air Magic      | 1 |  1.8
Earth Magic    | 1 |  1.8
Poison Magic   | 1 |  1.8
Dodging        | 5 |  5.1
Hexes          | |  5.8

Action                   |  1- 3 |  4- 6 |  7- 9 || total
-------------------------+-------+-------+-------++-------
Melee: Dagger            |    57 |    67 |    30 ||   154
       Bite              |     1 |     3 |     4 ||     8
       Punch             |       |     3 |     1 ||     4
 Cast: Ensorcelled Hiber |    17 |    20 |     2 ||    39
  Use: Potion            |     2 |     2 |       ||     4
       Scroll            |     4 |       |     1 ||     5
 Stab: Sleeping          |    24 |    11 |     3 ||    38
Armor: Robe              |     6 |     2 |       ||     8
       Steam dragon scal |       |    15 |     6 ||    21
Dodge: Dodged            |    38 |    51 |    19 ||   108
